PIO (24 & UNDER)
COLORADO COMMANDERS @ SALEM SLEDGEHAMMERS
06/01/2026
 
TOP OF THE 1ST
Colorado Commanders batting - Pitching for Salem Sledgehammers : RHP Isaac Pope
Pitching: RHP Isaac Pope
Batting: RHB Gerald Johnson 0-0: Called Strike
0-1: Ball
1-1: Ball
2-1: Foul Ball, location: 2F
2-2: DOUBLE (Groundball, 5L)
Batting: LHB Juan Torres 0-0: Ball
1-0: Ball
2-0: Foul Ball, location: 2F
2-1: Foul Ball, location: 2F
2-2: Ball
3-2: Base on Balls
Batting: LHB Arturo Rodledo 0-0: Ball
1-0: Ball
2-0: Called Strike
2-1: Ball
3-1: Grounds into double play, 4-6-3 (Groundball, 4)
Gerald Johnson to third
Batting: RHB Mike Martin 0-0: Ball
1-0: Called Strike
1-1: Ball
2-1: Foul Ball, location: 2F
2-2: Strikes out swinging
Top of the 1st over - 0 run(s), 1 hit(s), 0 error(s), 1 left on base; Colorado 0 - Salem 0
BOTTOM OF THE 1ST
Salem Sledgehammers batting - Pitching for Colorado Commanders : RHP Orlando Cruz
Pitching: RHP Orlando Cruz
Batting: RHB Luis Bustamante 0-0: Ball
1-0: Ball
2-0: Called Strike
2-1: Ball
3-1: Foul Ball, location: 2F
3-2: Base on Balls
Batting: LHB José Rivera 0-0: DOUBLE (Line Drive, 7D)
Luis Bustamante to third
Batting: LHB Nathan Frey 0-0: Called Strike
Balk!
Luis Bustamante scores
José Rivera to third
0-1: Foul Ball, location: 2F
0-2: Foul Ball, location: 2F
0-2: Foul Ball, location: 2F
0-2: Foul Ball, location: 2F
0-2: Strikes out swinging
Batting: SHB Júlio Salazar 0-0: Foul Ball, location: 2F
0-1: Called Strike
0-2: Ball
1-2: Fly out, F7 (Flyball, 7LS)
Batting: RHB Bobby Miller 0-0: Ground out 5-3 (Groundball, 5)
Bottom of the 1st over - 1 run(s), 1 hit(s), 0 error(s), 1 left on base; Colorado 0 - Salem 1
TOP OF THE 2ND
Colorado Commanders batting - Pitching for Salem Sledgehammers : RHP Isaac Pope
Batting: LHB Luis Torres 0-0: Foul Ball, location: 2F
0-1: Swinging Strike
0-2: Ball
1-2: Ball
2-2: Strikes out swinging
Batting: SHB Theodore Cook 0-0: Called Strike
0-1: Ball
1-1: Called Strike
1-2: Ball
2-2: Foul Ball, location: 2F
2-2: Strikes out looking
Batting: RHB Kyle Vélez 0-0: Ball
1-0: DOUBLE (Line Drive, 3L)
Batting: LHB Javier Martínez 0-0: Called Strike
0-1: Ball
1-1: Ball
2-1: Foul Ball, location: 2F
2-2: Foul Ball, location: 2F
2-2: Fly out, F7 (Flyball, 78XD)
Top of the 2nd over - 0 run(s), 1 hit(s), 0 error(s), 1 left on base; Colorado 0 - Salem 1
BOTTOM OF THE 2ND
Salem Sledgehammers batting - Pitching for Colorado Commanders : RHP Orlando Cruz
Batting: RHB Glenn Broadwater 0-0: Ball
1-0: Called Strike
1-1: Ball
2-1: Fly out, F9 (Flyball, 9M)
Batting: SHB Enrique Uribe 0-0: Ball
1-0: SINGLE (Groundball, 56D)
Batting: LHB Caleb Hall 0-0: Called Strike
0-1: Foul Ball, location: 2F
0-2: Foul Ball, location: 2F
0-2: Ball
1-2: Ball
2-2: Foul Ball, location: 2F
2-2: Fly out, F8 (Flyball, 8RM)
Batting: RHB Lakota O'Reilly 0-0: Called Strike
0-1: Ball
1-1: Called Strike
1-2: Ball
2-2: Strikes out swinging
Bottom of the 2nd over - 0 run(s), 1 hit(s), 0 error(s), 1 left on base; Colorado 0 - Salem 1
TOP OF THE 3RD
Colorado Commanders batting - Pitching for Salem Sledgehammers : RHP Isaac Pope
Batting: RHB Frank Martínez 0-0: Ball
1-0: Ground out 4-3 (Groundball, 4)
Batting: RHB Gerald Johnson 0-0: Ball
1-0: Ball
2-0: Ground out 6-3 (Groundball, 6)
Batting: LHB Juan Torres 0-0: Ball
1-0: Ball
2-0: Foul Ball, location: 2F
2-1: Ball
3-1: Swinging Strike
3-2: Fly out, F9 (Flyball, 89XD)
Top of the 3rd over - 0 run(s), 0 hit(s), 0 error(s), 0 left on base; Colorado 0 - Salem 1
BOTTOM OF THE 3RD
Salem Sledgehammers batting - Pitching for Colorado Commanders : RHP Orlando Cruz
Batting: RHB Luis Bustamante 0-0: Ball
1-0: Called Strike
1-1: Ground out 1-3 (Groundball, 13)
Batting: LHB José Rivera 0-0: Ball
1-0: Foul Ball, location: 2F
1-1: Foul Ball, location: 2F
1-2: Strikes out looking
Batting: LHB Nathan Frey 0-0: Ball
1-0: Foul Ball, location: 2F
1-1: Ball
2-1: Foul Ball, location: 2F
2-2: Foul Ball, location: 2F
2-2: Foul Ball, location: 2F
2-2: SOLO HOME RUN (Line Drive, 78XD), Distance : 426 ft
Batting: SHB Júlio Salazar 0-0: Ball
1-0: Ground out 4-3 (Groundball, 4)
Bottom of the 3rd over - 1 run(s), 1 hit(s), 0 error(s), 0 left on base; Colorado 0 - Salem 2
TOP OF THE 4TH
Colorado Commanders batting - Pitching for Salem Sledgehammers : RHP Isaac Pope
Batting: LHB Arturo Rodledo 0-0: Called Strike
0-1: Ball
1-1: Swinging Strike
1-2: Strikes out swinging
Batting: RHB Mike Martin 0-0: Ball
1-0: Called Strike
1-1: Called Strike
1-2: Foul Ball, location: 2F
1-2: Foul Ball, location: 2F
1-2: Strikes out swinging
Batting: LHB Luis Torres 0-0: Ball
1-0: Ball
2-0: Ball
3-0: Called Strike
3-1: Reached on error, E3 (Groundball, 3)
Batting: SHB Theodore Cook 0-0: Called Strike
Luis Torres steals 2nd base
0-1: Foul Ball, location: 2F
0-2: Strikes out swinging
Top of the 4th over - 0 run(s), 0 hit(s), 1 error(s), 1 left on base; Colorado 0 - Salem 2
BOTTOM OF THE 4TH
Salem Sledgehammers batting - Pitching for Colorado Commanders : RHP Orlando Cruz
Batting: RHB Bobby Miller 0-0: Called Strike
0-1: Swinging Strike
0-2: Ball
1-2: Ball
2-2: Strikes out looking
Batting: RHB Glenn Broadwater 0-0: Called Strike
0-1: Swinging Strike
0-2: Ball
1-2: Ball
2-2: Strikes out looking
Batting: SHB Enrique Uribe 0-0: Called Strike
0-1: Ball
1-1: Ball
2-1: Swinging Strike
2-2: Fly out, F7 (Flyball, 7S)
Bottom of the 4th over - 0 run(s), 0 hit(s), 0 error(s), 0 left on base; Colorado 0 - Salem 2
TOP OF THE 5TH
Colorado Commanders batting - Pitching for Salem Sledgehammers : RHP Isaac Pope
Now at SS: José García
Batting: RHB Kyle Vélez 0-0: Swinging Strike
0-1: Ball
1-1: Foul Ball, location: 2F
1-2: Ball
2-2: Strikes out swinging
Batting: LHB Javier Martínez 0-0: Ball
1-0: Foul Ball, location: 2F
1-1: Foul Ball, location: 2F
1-2: Strikes out looking
Batting: RHB Frank Martínez 0-0: SINGLE (Line Drive, 56D)
Batting: RHB Gerald Johnson 0-0: Ball
1-0: Called Strike
1-1: Foul Ball, location: 2F
1-2: Ball
2-2: Ball
3-2: SINGLE (Line Drive, 7S)
Frank Martínez to second
Frank Martínez to third
Pitching: LHP Sean Yarbrough
Batting: LHB Juan Torres 0-0: Ball
1-0: Ball
2-0: Foul Ball, location: 2F
2-1: Swinging Strike
2-2: Foul Ball, location: 2F
2-2: Ball
3-2: Strikes out swinging
Top of the 5th over - 0 run(s), 2 hit(s), 0 error(s), 2 left on base; Colorado 0 - Salem 2
BOTTOM OF THE 5TH
Salem Sledgehammers batting - Pitching for Colorado Commanders : RHP Orlando Cruz
Batting: LHB Caleb Hall 0-0: Ball
1-0: SINGLE (Line Drive, 4MD)
Batting: RHB Lakota O'Reilly 0-0: Ball
1-0: Foul Ball, location: 2F
1-1: Swinging Strike
1-2: Strikes out swinging
Batting: RHB Luis Bustamante 0-0: Called Strike
0-1: Ball
1-1: Ground out 5-3 (Groundball, 5S)
Caleb Hall to second
Batting: LHB José Rivera 0-0: Ball
1-0: Fly out, F4 (Popup, 4MD)
Bottom of the 5th over - 0 run(s), 1 hit(s), 0 error(s), 1 left on base; Colorado 0 - Salem 2
TOP OF THE 6TH
Colorado Commanders batting - Pitching for Salem Sledgehammers : LHP Sean Yarbrough
Batting: LHB Arturo Rodledo 0-0: Called Strike
0-1: Ball
1-1: Foul Ball, location: 2F
1-2: Ball
2-2: Foul Ball, location: 2F
2-2: Foul Ball, location: 2F
2-2: SINGLE (Groundball, 6M)
Batting: RHB Mike Martin 0-0: Ball
1-0: 2-RUN HOME RUN (Flyball, 78XD), Distance : 427 ft
Batting: LHB Luis Torres 0-0: Ground out 4-3 (Groundball, 4)
Now at 2B: Patrick Daniels
Batting: SHB Theodore Cook 0-0: SINGLE (Flyball, 7M)
Batting: RHB Kyle Vélez 0-0: Ball
1-0: Ball
2-0: Swinging Strike
2-1: Called Strike
2-2: Strikes out looking
Batting: LHB Javier Martínez 0-0: Ball
1-0: Ball
2-0: Fly out, F7 (Flyball, 7LM)
Top of the 6th over - 2 run(s), 3 hit(s), 0 error(s), 1 left on base; Colorado 2 - Salem 2
BOTTOM OF THE 6TH
Salem Sledgehammers batting - Pitching for Colorado Commanders : RHP Orlando Cruz
Batting: LHB Nathan Frey 0-0: Ball
1-0: Fly out, F8 (Flyball, 8RXD)
Batting: SHB Júlio Salazar 0-0: Foul Ball, location: 2F
0-1: Ball
1-1: Ball
2-1: Foul Ball, location: 2F
2-2: Fly out, F6 (Line Drive, 6)
Batting: RHB José García 0-0: Ball
1-0: Called Strike
1-1: Foul Ball, location: 2F
1-2: Ball
2-2: DOUBLE (Groundball, 5L)
Pitching: RHP José Deleón
Batting: RHB Glenn Broadwater 0-0: Foul Ball, location: 2F
0-1: Swinging Strike
0-2: Strikes out looking
Bottom of the 6th over - 0 run(s), 1 hit(s), 0 error(s), 1 left on base; Colorado 2 - Salem 2
TOP OF THE 7TH
Colorado Commanders batting - Pitching for Salem Sledgehammers : LHP Sean Yarbrough
Pinch Hitting: RHB Tim Adkins 0-0: Ball
1-0: Called Strike
1-1: Ball
2-1: Ball
3-1: Base on Balls
Batting: RHB Gerald Johnson 0-0: Sac Bunt - play at first, batter OUT! 1-4
Tim Adkins to second
Pinch Hitting: RHB Ricardo Remedios 0-0: Intentional Walk
Pinch Hitting: RHB Alberto Soto 0-0: Ball
1-0: Ball
2-0: Ball
3-0: Base on Balls
Tim Adkins to third
Ricardo Remedios to second
Pitching: RHP Blake Koepke
Batting: RHB Mike Martin 0-0: Ball
1-0: Ball
2-0: Foul Ball, location: 2F
2-1: Foul Ball, location: 2F
2-2: Ball
3-2: Strikes out looking
Pitching: LHP Pepe Gómez
Batting: LHB Luis Torres 0-0: Called Strike
0-1: Ball
1-1: DOUBLE (Groundball, 3L)
Tim Adkins scores
Ricardo Remedios scores
Alberto Soto to third
Runner from 3rd tries for Home, SAFE, no throw or cutoff
Batting: SHB Theodore Cook 0-0: Intentional Walk
Batting: RHB Kyle Vélez 0-0: Called Strike
0-1: Fly out, F9 (Flyball, 9S)
Top of the 7th over - 3 run(s), 1 hit(s), 0 error(s), 2 left on base; Colorado 5 - Salem 2
BOTTOM OF THE 7TH
Salem Sledgehammers batting - Pitching for Colorado Commanders : RHP José Deleón
Now at 1B: Tim Adkins
Now at SS: Samuel Pasolini
Now in LF: Rafael López
Batting: SHB Enrique Uribe 0-0: Called Strike
0-1: Ball
1-1: Foul Ball, location: 2F
1-2: Strikes out swinging
Batting: LHB Caleb Hall 0-0: Ball
1-0: Fly out, F2 (Popup, 2RF)
Batting: RHB Patrick Daniels 0-0: Called Strike
0-1: Ball
1-1: Ball
2-1: Ball
3-1: Foul Ball, location: 2F
3-2: Strikes out looking
Bottom of the 7th over - 0 run(s), 0 hit(s), 0 error(s), 0 left on base; Colorado 5 - Salem 2
TOP OF THE 8TH
Colorado Commanders batting - Pitching for Salem Sledgehammers : LHP Pepe Gómez
Pitching: RHP Jeremiah Boswell
Batting: LHB Javier Martínez 0-0: Ball
1-0: Ball
2-0: Ground out 1-3 (Groundball, 15S)
Batting: RHB Tim Adkins 0-0: Called Strike
0-1: Called Strike
0-2: Ball
1-2: Ball
2-2: Strikes out swinging
Batting: RHB Gerald Johnson 0-0: Ball
1-0: Called Strike
1-1: Ground out 5-3 (Groundball, 56)
Top of the 8th over - 0 run(s), 0 hit(s), 0 error(s), 0 left on base; Colorado 5 - Salem 2
BOTTOM OF THE 8TH
Salem Sledgehammers batting - Pitching for Colorado Commanders : RHP José Deleón
Batting: RHB Luis Bustamante 0-0: SINGLE (Groundball, 56D)
Batting: LHB José Rivera 0-0: Ball
1-0: Foul Ball, location: 2F
1-1: Ball
2-1: Ball
3-1: Base on Balls
Luis Bustamante to second
Pitching: LHP Manuel Reyes
Batting: LHB Nathan Frey 0-0: Ball
1-0: Swinging Strike
1-1: Foul Ball, location: 2F
1-2: Foul Ball, location: 2F
1-2: Hit by Pitch
Luis Bustamante to third
José Rivera to second
Pitching: RHP Tomás Rodríguez
Batting: SHB Júlio Salazar 0-0: Ball
1-0: Called Strike
1-1: Called Strike
1-2: Ball
2-2: Ball
3-2: Fly out, F8 (Flyball, 8RM)
Runner from 3rd tags up, SCORES, throw made
Batting: RHB José García 0-0: Fly out, F8 (Flyball, 8RM)
Batting: RHB Glenn Broadwater 0-0: SINGLE (Line Drive, 56)
José Rivera to third
Nathan Frey to second
Runner from 3rd tries for Home, SAFE, no throw or cutoff
Pinch Runner at 2nd Gilberto Silva:
Batting: SHB Enrique Uribe 0-0: Called Strike
0-1: Ball
1-1: Ball
2-1: Foul Ball, location: 2F
2-2: Fly out, F8 (Flyball, 8LS)
Bottom of the 8th over - 2 run(s), 2 hit(s), 0 error(s), 2 left on base; Colorado 5 - Salem 4
TOP OF THE 9TH
Colorado Commanders batting - Pitching for Salem Sledgehammers : RHP Jeremiah Boswell
Batting: RHB Samuel Pasolini 0-0: Called Strike
0-1: Fly out, F8 (Flyball, 8RM)
Batting: RHB Rafael López 0-0: Ball
1-0: Ball
2-0: Called Strike
2-1: Fly out, F8 (Flyball, 8LS)
Batting: RHB Mike Martin 0-0: Ball
1-0: Fly out, F4 (Popup, 34)
Top of the 9th over - 0 run(s), 0 hit(s), 0 error(s), 0 left on base; Colorado 5 - Salem 4
BOTTOM OF THE 9TH
Salem Sledgehammers batting - Pitching for Colorado Commanders : RHP Tomás Rodríguez
Pitching: RHP Sixto García
Batting: LHB Caleb Hall 0-0: Ball
1-0: Ball
2-0: Called Strike
2-1: Called Strike
2-2: Ball
3-2: Foul Ball, location: 2F
3-2: Foul Ball, location: 2F
3-2: Strikes out swinging
Batting: RHB Patrick Daniels 0-0: Ball
1-0: Ball
2-0: Foul Ball, location: 2F
2-1: Ball
3-1: Fly out, F9 (Flyball, 89M)
Batting: RHB Luis Bustamante 0-0: Called Strike
0-1: Foul Ball, location: 2F
0-2: Strikes out swinging
Bottom of the 9th over - 0 run(s), 0 hit(s), 0 error(s), 0 left on base; Colorado 5 - Salem 4
Monday, December 5th, 2016 - OOTP Baseball 17.12 Build 75